 Dungeon Crawl Stone Soup version 0.20.1-1-g8b1a95d (webtiles) character file.

44 Irenicus the Slasher (level 3, -2/26 HPs)
             Began as an Octopode Chaos Knight on Oct 13, 2017.
             Slain by a hobgoblin
             ... wielding a +0 club
             ... led by Robin
              (9 damage)
             ... on level 2 of the Dungeon.
             The game lasted 00:01:54 (1039 turns).

Irenicus the Slasher (Octopode Chaos Knight)        Turns: 1039, Time: 00:01:56

Health: -2/26      AC:  2    Str: 11    XL:     3   Next: 62%
Magic:  3/3        EV: 15    Int: 16    God:    Xom [..*...]
Gold:   59         SH:  0    Dex: 12    Spells: 2/2 levels left

rFire    . . .     SeeInvis .   a - +0 falchion (chaos)
rCold    . . .     Gourm    .   (no shield)
rNeg     . . .     Faith    .   (helmet restricted)
rPois    .         Spirit   .   (no amulet)
rElec    .         Reflect  .   (no ring)
rCorr    .         Harm     .   (no ring)
MR       .....                  (no ring)
Stlth    ++........             (no ring)
Regen    0.1/turn               (no ring)
MPRegen  0.1/turn               (no ring)
                                (no ring)
                                (no ring)

@: no status effects
A: almost no armour, stealthy swim, amphibious, 8 rings, constrict 8, antennae
1, repulsion field 1, camouflage 1, clever 1, shaggy fur 1, gelatinous body 1
a: Renounce Religion


You were on level 2 of the Dungeon.
You worshipped Xom.
You were a toy of Xom.
You were not hungry.

You visited 1 branch of the dungeon, and saw 2 of its levels.

You collected 59 gold pieces.

Inventory:

Hand Weapons
 a - a +0 falchion of chaos (weapon)
Scrolls
 c - 2 scrolls of identify {unknown}
 d - 2 scrolls of remove curse {unknown}
Comestibles
 b - 3 bread rations
 f - a meat ration


   Skills:
 - Level 3.0 Fighting
 + Level 4.5 Long Blades
 - Level 2.3 Dodging


You had 2 spell levels left.
You didn't know any spells.

Dungeon Overview and Level Annotations

Branches:
Dungeon (2/15)

Altars:

Annotations:
D:2 Robin


Innate Abilities, Weirdness & Mutations

You cannot wear most types of armour.
You are very stealthy in the water. (Stealth+)
You are amphibious.
You can wear up to eight rings at the same time.
You can use your tentacles to constrict eight enemies at once.
Your skin changes colour to match your surroundings (Stealth+).
Your rubbery body absorbs attacks. (AC +1, EV +1)
You have a pair of small antennae on your head.
You are surrounded by a mild repulsion field. (EV +2)
Your mind is acute. (Int +2)
You are covered in fur. (AC +1)


Message History

The hobgoblin seems to speed up.
Xom is amused.
The hobgoblin is moderately wounded.
It was a potion of curing.
You feel better.
Xom thinks this is hilarious!
You constrict the hobgoblin. Robin throws the goblin at you!
The goblin hits you with a dagger. The hobgoblin closely misses you.
You riposte.
You hit the hobgoblin.
The hobgoblin is heavily wounded.
You release your grip on the hobgoblin.
You barely miss the hobgoblin. Your grab misses the hobgoblin.
The hobgoblin is heavily wounded.
The hobgoblin hits you with a club! The hobgoblin hits you with a club.
Unknown command.
You hit the hobgoblin but do no damage. Your grab misses the hobgoblin.
The hobgoblin is moderately wounded.
Robin throws the goblin at you! The goblin hits you with a dagger.
* * * LOW HITPOINT WARNING * * *
The hobgoblin hits you with a club!
You die...

#....###.###.###
#..............#
#...####.#######
....######.#.###...
..........<.......#
...#########.########
### #..........
##.########
#..b.g@g)# ##.#####g#
#.# .# #.# g# #.# .#
#.# .# #.# .# #. .#


You could see Robin, a hobgoblin (berserk) and a goblin.

Vanquished Creatures
  2 dart slugs (D:1)
  A leopard gecko (D:1)
  8 goblins
  5 hobgoblins
  6 jackals
  2 frilled lizards (D:1)
  5 kobolds (D:1)
  6 rats (D:1)
35 creatures vanquished.

Notes
Turn   | Place    | Note
-------+----------+-------------------------------------------
     0 | D:1      | Irenicus the Octopode Chaos Knight began the quest for the Orb.
     0 | D:1      | Reached XP level 1. HP: 16/16 MP: 1/1
    14 | D:1      | XOM: butterfly on damage
    35 | D:1      | XOM: silly message
   144 | D:1      | Reached XP level 2. HP: 2/21 MP: 2/2
   476 | D:1      | XOM: silly message
   600 | D:1      | Reached skill level 4 in Long Blades
   643 | D:1      | Reached XP level 3. HP: 22/26 MP: 3/3
   888 | D:2      | XOM: stealth player
  1027 | D:2      | Noticed Robin
  1027 | D:2      | XOM: give mutations
  1027 | D:2      | Gained mutation: You are surrounded by a mild repulsion field. (EV +2) [Xom's grace]
  1027 | D:2      | Gained mutation: Your mind is acute. (Int +2) [Xom's grace]
  1027 | D:2      | Gained mutation: You are covered in fur. (AC +1) [Xom's grace]
  1027 | D:2      | Gained mutation: You have a pair of small antennae on your head. [Xom's grace]
  1029 | D:2      | XOM: butterfly on damage
  1039 | D:2      | Slain by a hobgoblin

Skill      XL: |  1  2 |
---------------+-------+-----
Long Blades    | 4 |  4.5
Fighting       | |  3.0
Dodging        | |  2.3

Action                   || total
-------------------------++-------
Melee: Falchion          ||    56
       Tentacles         ||    12
       Constrict         ||    20
  Use: Potion            ||     1
 Stab: Sleeping          ||     6
       Distracted        ||     1
       Paralysed         ||     1
Armor: Skin              ||     9
Dodge: Dodged            ||    35
       Rpst.: Falchion   ||    10
